AoeStats
← jakewest130

Arena

509709454Analyzed
2v2 RM · 3d ago on Sep 27, 2026· 43m 6s· 4 players
Game mode
Random Map
Map size
Medium (4 player)
Population
200
Speed
Normal
Resources
Standard
Victory
Conquest
Starting age
Dark Age
Ending age
Imperial Age
RankedLock teamsTeams togetherTeam positionsShared explorationLock speedFull tech treeHidden civsTurbo modeCheats
Victory
Defeat
🇬🇧 Bengalis · United Kingdom
764
+13
🇳🇱 Cumans · Netherlands
549
+22
🇺🇸 Vietnamese · United States
690
-18
🇺🇸 Britons · United States
678
-17
JoeyDeez
11:43 Feudal Age
12:51 Double-Bit Axe
16:39 Castle Age
14:47 Horse Collar
19:19 Heavy Plow
20:35 Bow Saw
25:19 Scale Barding Armor
26:02 Husbandry
26:44 Bloodlines
27:33 Chain Barding Armor
30:21 Forging
32:26 Iron Casting
35:31 Imperial Age
35:40 Imperial Age
36:29 Elite Battle Elephant
41:10 Plate Barding Armor
43:03 Blast Furnace
smithy
11:37 Feudal Age
12:12 Double-Bit Axe
12:08 Horse Collar
13:29 Wheelbarrow
15:10 Gold Mining
22:04 Castle Age
22:09 Loom
22:37 Scale Barding Armor
23:00 Bow Saw
22:52 Heavy Plow
23:23 Hand Cart
23:14 Stone Mining
24:49 Gold Shaft Mining
25:28 Coinage
25:23 Chain Barding Armor
26:37 Forging
27:24 Caravan
29:43 Pikeman
31:03 Iron Casting
31:20 Scale Mail Armor
31:50 Bloodlines
34:32 Imperial Age
32:24 Steppe Husbandry
36:59 Blast Furnace
37:18 Chain Mail Armor
36:49 Elite Steppe Lancer
39:30 Capped Ram
39:49 Elite Kipchak
40:35 Cuman Mercenaries
jakewest130
11:59 Feudal Age
13:32 Double-Bit Axe
13:39 Horse Collar
18:44 Castle Age
22:20 Forging
22:02 Fletching
22:51 Wheelbarrow
26:24 Heavy Plow
28:08 Gold Mining
28:54 Padded Archer Armor
29:48 Thumb Ring
30:05 Bow Saw
30:41 Hand Cart
31:15 Leather Archer Armor
31:07 Loom
32:26 Caravan
31:53 Pikeman
32:39 Squires
33:36 Ballistics
33:16 Murder Holes
33:00 Elite Skirmisher
33:59 Stone Mining
34:47 Crossbowman
39:13 Imperial Age
36:56 Bodkin Arrow
37:37 Iron Casting
37:02 Scale Mail Armor
38:02 Stone Shaft Mining
38:23 Guard Tower
39:19 Elite Rattan Archer
40:21 Paper Money
39:51 Arbalester
42:37 Two-Man Saw
42:10 Crop Rotation
42:43 Bracer
43:14 Ring Archer Armor
Chilies
12:04 Feudal Age
14:01 Loom
16:57 Castle Age
19:56 Double-Bit Axe
19:55 Crossbowman
23:32 Horse Collar
29:20 Wheelbarrow
30:58 Bow Saw
30:19 Pikeman
34:02 Yeomen
34:44 Ballistics
35:05 Fletching
37:16 Forging
Connection lost

Rejoining the realm…

Still unreachable

The connection could not be restored.

Session expired

The server has moved on; the page needs a fresh start.